 Dungeon Crawl Stone Soup version 0.19-a0-1932-g59670f6 (webtiles) character file.

168942 beholder the Spry (level 17, 0/117 HPs)
             Began as a High Elf Skald on Oct 20, 2016.
             Was a High Priest of Okawaru.
             Slain by the 24-headed Lernaean hydra (6 damage)
             ... on level 4 of the Swamp on Oct 25, 2016.
             The game lasted 06:59:43 (39315 turns).

beholder the Spry (High Elf Skald)                 Turns: 39315, Time: 06:59:44

Health: 0/117      AC: 21    Str: 18    XL:     17   Next: 9%
Magic:  7/31       EV: 23    Int: 28    God:    Okawaru [*****.]
Gold:   2356       SH:  7    Dex: 15    Spells: 9 memorised, 11 levels left

rFire  + + .     SeeInvis .     v - +2 scimitar (flame)
rCold  + + .     Gourm    .     b - +4 scale mail of the Lost Lives {rC+}
rNeg   + . .     Faith    +     B - +0 buckler
rPois  +         Spirit   .     Z - -2 hat of the Alchemist {rElec rPois rF+ rC+ rN+ MR+ rMut rCorr}
rElec  +         Reflect  .     C - +2 cloak {MR+}
rCorr  +         Harm     .     F - +0 pair of gloves {archery}
rMut   +                        i - +1 pair of boots {Fly}
MR     +++..                    L - amulet "Zezafir" {Faith Int+8 Dex-2}
Stlth  ++........               w - ring of wizardry
                                Y - +5 ring of strength

@: heroism, finesse, flying, regenerating
A: talons 1, icy blue scales 1, fire resistance 1, high mp 1
a: Heroism, Finesse, Renounce Religion, Stop Flying
}: 1/15 runes: decaying


You were on level 4 of the Swamp.
You worshipped Okawaru.
Okawaru was extremely pleased with you.
You were not hungry.

You visited 5 branches of the dungeon, and saw 28 of its levels.
You also visited: Labyrinth, Sewer, Ossuary and Ice Cave.

You collected 3479 gold pieces.
You spent 1123 gold pieces at shops.

Inventory:

Hand Weapons
 m - the +9 long sword "Reideg" {holy, rElec rN++ Int+6}
   (You bought it in a shop on level 13 of the Dungeon)

   It has been blessed by the Shining One to cause great damage to the undead
   and demons.
   It affects your intelligence (+6).
   It insulates you from electricity.
   It greatly protects you from negative energy.
 v - a +2 scimitar of flaming (weapon)
 R - a +1 double sword of freezing
Missiles
 q - 3 throwing nets
 s - 4 tomahawks of dispersal
 M - 5 poisoned javelins (quivered)
 P - 5 javelins
 V - 5 javelins of penetration
Armour
 b - the +4 scale mail of the Lost Lives (worn) {rC+}
   (Okawaru gifted it to you on level 2 of the Lair of Beasts)

   It protects you from cold.
 i - a +1 pair of boots of flying (worn)
 B - a +0 buckler (worn)
 C - a +2 cloak of magic resistance (worn)
 F - a +0 pair of gloves of archery (worn)
 Z - the -2 hat of the Alchemist (worn) {rElec rPois rF+ rC+ rN+ MR+ rMut rCorr}
   (Okawaru gifted it to you on level 14 of the Dungeon)

   It protects you from fire.
   It protects you from cold.
   It insulates you from electricity.
   It protects you from poison.
   It protects you from negative energy.
   It affects your resistance to hostile enchantments.
   It protects you from acid and corrosion.
   It protects you from mutation.
Jewellery
 w - a ring of wizardry (right hand)
 L - the amulet "Zezafir" (around neck) {Faith Int+8 Dex-2}
   (You found it on level 10 of the Dungeon)

   [amulet of faith]

   It allows you to gain divine favour quickly.
   It affects your intelligence (+8).
   It affects your dexterity (-2).
 Y - a +5 ring of strength (left hand)
Wands
 e - a wand of random effects (29/48)
 l - a wand of lightning (10/15)
 n - a wand of digging (10/24)
 t - a wand of acid (5/15)
 y - a wand of polymorph (10/24)
 A - a wand of confusion (16/48)
 D - a wand of enslavement (15/24)
 S - a wand of disintegration (9/24)
Scrolls
 f - 2 scrolls of fear
 g - a scroll of immolation
 j - 4 scrolls of magic mapping
 k - 8 scrolls of remove curse
 u - 8 scrolls of teleportation
 z - a scroll of amnesia
 G - 6 scrolls of blinking
 K - 3 scrolls of recharging
 Q - a scroll of fog
 U - 2 scrolls of identify
Potions
 a - 3 potions of invisibility
 c - a potion of agility
 h - a potion of resistance
 o - 7 potions of heal wounds
 p - 6 potions of brilliance
 r - 9 potions of curing
 x - 3 potions of berserk rage
 J - 7 potions of might
 N - 2 potions of ambrosia
 O - a potion of haste
 W - a potion of cancellation
Miscellaneous
 I - a box of beasts
 T - a phial of floods
 X - a phantom mirror
Comestibles
 d - 20 bread rations


   Skills:
 + Level 11.2(16.2) Fighting
 - Level 14.0(19.0) Long Blades
 - Level 9.0(14.0) Armour
 - Level 16.0(21.0) Dodging
 + Level 7.3(12.3) Shields
 - Level 7.0 Spellcasting
 - Level 3.2 Conjurations
 - Level 7.0 Hexes
 - Level 10.0 Charms
 - Level 5.0 Necromancy
 - Level 6.0 Translocations
 - Level 10.0 Air Magic
 - Level 10.0 Invocations


You had 11 spell levels left.
You knew the following spells:

 Your Spells              Type           Power        Failure   Level  Hunger
a - Infusion              Chrm           ####         1%          1    None
c - Corona                Hex            #####..      1%          1    None
d - Passage of Golubria   Tloc           N/A          4%          4    ##.....
f - Swiftness             Chrm/Air       ######..     1%          2    None
g - Shroud of Golubria    Chrm/Tloc      ######....   1%          2    None
r - Regeneration          Chrm/Necr      ######....   1%          3    None
s - Song of Slaying       Chrm           ######..     1%          2    None
w - Spectral Weapon       Hex/Chrm       ######..     1%          3    None
z - Shock                 Conj/Air       ####         1%          1    None


Dungeon Overview and Level Annotations

Branches:
Dungeon (15/15)            Temple (1/1) D:7            Lair (6/6) D:10
  Swamp (4/4) Lair:2        Snake (0/4) Lair:2        Slime (0/5) Lair:5
    Orc (2/2) D:11            Elf (0/3) Orc:2        Vaults (0/5) D:14
 Depths (0/5) D:15

Altars:
Cheibriados
Dithmenos
Fedhas
Gozag
Makhleb
Okawaru
Ru
Sif Muna
Vehumet
Yredelemnul

Shops:
D:6 =   D:12 (   D:13 (%!!   D:14 ?   Orc:2 [?**

Portals:
Trove: D:10 (give horn of Geryon)

Annotations:
Swamp:4 Lernaean hydra


Innate Abilities, Weirdness & Mutations

You have sharp toenails.
You are partially covered in icy blue scales. (AC +2)
Your flesh is heat resistant. (rF+)
You have an increased reservoir of magic. (+10% MP)


Message History

The 24-headed Lernaean hydra bites you.
Your shroud falls apart!
The 24-headed Lernaean hydra bites you but does no damage. x2
The 24-headed Lernaean hydra bites you!
* * * LOW HITPOINT WARNING * * *
The 24-headed Lernaean hydra bites you!
* * * LOW HITPOINT WARNING * * *
The 24-headed Lernaean hydra bites you but does no damage.
The 24-headed Lernaean hydra bites you!
* * * LOW HITPOINT WARNING * * *
The 24-headed Lernaean hydra closely misses you.
The 24-headed Lernaean hydra bites you.
* * * LOW HITPOINT WARNING * * *
The 24-headed Lernaean hydra misses you.
The 24-headed Lernaean hydra bites you.
* * * LOW HITPOINT WARNING * * *
The 24-headed Lernaean hydra misses you.
The 24-headed Lernaean hydra bites you but does no damage. x2
The 24-headed Lernaean hydra bites you.
You die...

♣♣♣.≈≈≈≈≈.≈ ♣♣♣♣♣♣
♣♣♣♣♣≈.§≈≈≈.≈♣. ♣♣♣♣≈♣♣≈♣♣
♣♣.≈.).:≈≈§≈≈≈♣♣ ♣♣≈.......♣
♣♣.≈...≈.≈≈..≈... ♣♣♣♣....≈.≈.♣
♣♣♣......§≈≈..♣♣♣♣.
♣≈♣.♣.......♣♣♣....≈...♣≈≈≈♣♣ ♣♣♣
≈≈≈.§≈♣.....♣♣.≈..≈≈♣≈♣.≈≈≈.♣ ♣.≈
.≈≈≈.≈≈...≈.≈..n♣♣≈♣♣≈≈.≈≈≈≈♣♣♣.≈
≈.........♣...n≈@...♣≈≈.≈≈≈≈.D♣.≈
..♣.≈.≈.≈≈≈.≈...D(...≈≈.≈≈≈≈....≈
.♣.♣....≈..≈........≈....≈≈≈≈≈≈.≈
♣.....≈..♣≈..≈.........≈≈≈..≈≈≈≈≈
≈.≈...≈.≈.♣...............≈..≈≈.≈
♣...≈≈.≈.≈.≈.....♣♣.......≈≈≈≈...
♣.≈..≈...........♣.♣.......≈≈≈≈≈.
.♣≈....≈...≈....♣.♣♣.....≈♣..≈≈≈≈
.......≈..≈......♣.......≈≈...≈÷≈


You could see the 24-headed Lernaean hydra, 2 friendly bog bodies and a friendly
spectral scimitar of flaming.

Vanquished Creatures
  Nikola (Swamp:2)
  Jorgrun (Swamp:4)
  Frances (Swamp:2)
  Roxanne (Swamp:4)
  Louise (Swamp:4)
  A frost giant (IceCv)
  Nessos (D:15)
  Azrael (D:14)
  An ettin (D:15)
  The ghost of Graouh the Carver, a journeyman MiFi of Okawaru (D:11)
  A minotaur (Lab)
  Erolcha (D:9)
  An ice dragon (Lair:6)
  3 centaur warriors
  2 ghost crabs
  Erica (D:8)
  21 hydras
  A tengu warrior (D:15)
  2 ogre magi (Orc:2)
  4 death yaks (Lair:2)
  3 alligators
  An orc high priest (Orc:2)
  A deep elf knight (D:15)
  2 spriggans
  An iron troll (Orc:2)
  10 skeletal warriors
  6 wizards (D:14)
  A spriggan druid (Swamp:2)
  2 shambling mangroves
  A deep troll (Orc:2)
  2 lindwurms (Lair:6)
  11 hill giants
  9 swamp dragons
  2 orc knights
  A necromancer (D:14)
  3 deep elf magi (D:14)
  2 wolf spiders (Lair:6)
  2 orc sorcerers
  12 ugly things
  2 oklob plants
  A manticore (D:15)
  A shining eye (D:10)
  5 cyclopes
  Maurice (D:9)
  A guardian serpent (Lair:6)
  8 elephants
  4 black mambas (Lair:6)
  Joseph (D:7)
  2 gargoyles (D:14)
  2 ice statues
  6 torpor snails (Lair:6)
  Psyche (D:8)
  21 spiny frogs
  8 komodo dragons
  A rime drake (Lair:2)
  4 kobold demonologists
  3 minotaur zombies (Lab)
  A freezing wraith (D:15)
  A harpy zombie (D:15)
  An efreet (D:15)
  A tengu conjurer (D:13)
  16 trolls
  17 polar bears
  15 hornets
  7 two-headed ogres
  9 tyrant leeches
  3 bog bodies
  7 slime creatures
  10 dream sheep
  13 hippogriffs
  11 blink frogs
  12 wyverns
  2 redbacks (Lair:6)
  A wraith (D:15)
  4 water elementals (D:14)
  A human (D:8)
  A vampire (D:14)
  45 yaks
  4 hogs (D:8)
  2 basilisks
  2 hungry ghosts (D:14)
  3 mottled dragons
  17 vampire mosquitoes
  19 swamp worms
  A warg (Orc:1)
  4 nagas (Lair:2)
  Menkaure (D:4)
  13 insubstantial wisps
  10 water moccasins
  3 hell hounds
  9 porcupines
  A black bear (D:8)
  9 swamp drakes
  9 ice beasts
  4 eyes of draining
  A necrophage (D:5)
  24 orc warriors
  5 phantoms
  8 centaurs
  29 ogres
  5 sky beasts
  21 wolves
  4 boggarts (D:14)
  8 crocodiles
  16 bullfrogs
  3 big kobolds
  4 scorpions
  A hornet simulacrum (D:15)
  10 killer bees
  4 electric eels (D:14)
  6 howler monkeys
  9 crimson imps
  5 centaur zombies
  2 bullfrog zombies
  A quasit (D:11)
  5 hounds
  20 orc priests
  3 bullfrog skeletons
  4 jellies
  6 centaur skeletons
  5 iguanas
  Natasha (D:4)
  24 orc wizards
  A hell rat (D:8)
  6 polar bear simulacra (D:14)
  15 worker ants
  2 yak simulacra (D:14)
  A wolf simulacrum (D:14)
  6 big kobold zombies (Ossuary)
  2 hound skeletons (D:8)
  A mummy (Ossuary)
  A worker ant zombie (D:10)
  12 gnolls
  A howler monkey skeleton (D:4)
  20 adders
  5 river rats
  5 shadow imps
  6 oozes
  An adder zombie (D:8)
  2 adder skeletons
  3 dart slugs
  3 leopard geckos
  99 orcs
  2 spectral bats (Ossuary)
  7 ball pythons
  6 bats
  9 giant cockroaches
  6 gnoll zombies (Ossuary)
  8 goblins
  10 hobgoblins
  14 jackals
  35 kobolds
  5 quokkas
  4 bat simulacra (Ossuary)
  9 frilled lizards
  2 goblin simulacra (Ossuary)
  5 goblin zombies (Ossuary)
  6 hobgoblin zombies (Ossuary)
  A jackal skeleton (D:7)
  6 kobold zombies (Ossuary)
  An orc zombie (Ossuary)
  A quokka skeleton (D:7)
  A quokka zombie (D:6)
  27 rats
  3 rat simulacra (Ossuary)
  2 river rat simulacra (D:14)
  5 spectral goblins (Ossuary)
  5 spectral kobolds (Ossuary)
  3 spectral rats (Ossuary)
  A fungus (Lair:6)
  2 plants
1092 creatures vanquished.

Vanquished Creatures (collateral kills)
  An ogre mage (D:15)
  A death yak (Lair:2)
2 creatures vanquished.

Vanquished Creatures (others)
  A tengu warrior (D:13)
  A manticore (D:13)
  A komodo dragon (Lair:5)
  A swamp drake (Swamp:2)
  A wyvern skeleton (D:13)
  A howler monkey (D:9)
  An orc wizard (D:4)
  2 orcs
  A bush (Lair:6)
  10 fungi
  26 plants
  33 spectral weapons
79 creatures vanquished.

Grand Total: 1173 creatures vanquished

Notes
Turn   | Place    | Note
-------+----------+-------------------------------------------
     0 | D:1      | beholder the High Elf Skald began the quest for the Orb.
     0 | D:1      | Reached XP level 1. HP: 14/14 MP: 4/4
   704 | D:1      | Reached XP level 2. HP: 19/19 MP: 3/6
   721 | D:1      | Learned a level 2 spell: Shroud of Golubria
  1264 | D:1      | Reached XP level 3. HP: 24/24 MP: 3/8
  1480 | D:1      | Learned a level 3 spell: Regeneration
  1584 | D:2      | Reached skill level 1 in Translocations
  1995 | D:3      | Reached XP level 4. HP: 29/29 MP: 6/9
  1996 | D:3      | Found a glowing drain.
  2010 | D:3      | Learned a level 3 spell: Spectral Weapon
  2011 | Sewer    | Entered a sewer
  2076 | Sewer    | Noticed a big kobold
  2089 | Sewer    | Killed a big kobold
  2089 | Sewer    | Reached skill level 5 in Charms
  2089 | Sewer    | Reached XP level 5. HP: 31/34 MP: 5/10
  2412 | Sewer    | Reached skill level 1 in Necromancy
  2417 | Sewer    | Reached skill level 1 in Hexes
  3129 | D:3      | Reached XP level 6. HP: 14/39 MP: 1/11
  3611 | D:3      | Found a deep blue altar of Sif Muna.
  3618 | D:3      | Found a radiant altar of Vehumet.
  3622 | D:3      | Found an opulent altar of Gozag.
  3736 | D:4      | Noticed Natasha
  3745 | D:4      | Killed Natasha
  3762 | D:4      | Reached skill level 1 in Armour
  3965 | D:4      | Found a sand-covered staircase.
  3974 | Ossuary  | Entered an ossuary
  4131 | Ossuary  | Reached skill level 5 in Long Blades
  4354 | Ossuary  | Reached skill level 2 in Dodging
  4847 | Ossuary  | Reached XP level 7. HP: 45/45 MP: 5/12
  4942 | D:4      | Noticed Menkaure
  4957 | D:4      | Killed Menkaure
  4957 | D:4      | Reached skill level 3 in Dodging
  5501 | D:4      | Reached skill level 4 in Dodging
  5505 | D:4      | Upgraded the game from 0.19-a0-1899-g2d93087 to 0.19-a0-1907-gcff654f
  5542 | D:4      | Found a burning altar of Makhleb.
  5644 | D:5      | Entered Level 5 of the Dungeon
  5757 | D:5      | Reached XP level 8. HP: 46/51 MP: 7/14
  5923 | D:5      | Learned a level 2 spell: Song of Slaying
  6129 | D:5      | Found a sacrificial altar of Ru.
  6453 | D:6      | Noticed a hippogriff
  6473 | D:6      | Killed a hippogriff
  6473 | D:6      | Reached skill level 5 in Dodging
  6831 | D:6      | Found Operu's Jewellery Boutique.
  7077 | D:6      | Reached skill level 5 in Fighting
  7140 | D:6      | Reached skill level 6 in Dodging
  7140 | D:6      | Reached XP level 9. HP: 54/61 MP: 8/16
  7950 | D:7      | Identified the Collected Works on Cloudy Attacks
  7953 | D:7      | Gained mutation: You have an increased reservoir of magic. (+10% MP) [mutagenic meat]
  7954 | D:7      | Gained mutation: You are partially covered in icy blue scales. (AC +2) [mutagenic meat]
  7957 | D:7      | Learned a level 1 spell: Shock
  8001 | D:7      | Reached skill level 1 in Air Magic
  8092 | D:7      | Noticed Joseph
  8107 | D:7      | Killed Joseph
  8107 | D:7      | Reached skill level 7 in Dodging
  8192 | D:7      | Found a staircase to the Ecumenical Temple.
  8201 | Temple   | Entered the Ecumenical Temple
  8217 | Temple   | Became a worshipper of Warmaster Okawaru
  8251 | D:7      | Reached skill level 1 in Invocations
  8684 | D:6      | Bought a +6 amulet of reflection for 275 gold pieces
  9194 | D:8      | Learned a level 3 spell: Mephitic Cloud
  9230 | D:8      | Reached * piety under Okawaru
  9254 | D:8      | Noticed Maurice
  9414 | D:9      | Noticed Erolcha
  9499 | D:8      | Reached XP level 10. HP: 49/66 MP: 13/18
  9680 | D:8      | Noticed Erica
  9687 | D:8      | Noticed a skeletal warrior
  9689 | D:8      | Noticed a skeletal warrior
  9690 | D:8      | Noticed a skeletal warrior
  9703 | D:8      | Noticed a skeletal warrior
  9716 | D:8      | Killed Erica
  9716 | D:8      | Reached skill level 8 in Dodging
  9716 | D:8      | Reached skill level 5 in Invocations
  9787 | D:8      | Killed a skeletal warrior
  9787 | D:8      | Reached ** piety under Okawaru
  9808 | D:8      | You fall through a shaft for 2 floors!
  9808 | D:10     | Entered Level 10 of the Dungeon
 10048 | D:10     | You fall through a shaft for 3 floors!
 10066 | D:13     | Noticed Azrael
 10286 | D:13     | Found Likhlaemno's Distillery.
 10317 | D:13     | Noticed a skeletal warrior
 10342 | D:13     | Found Fadghos's Distillery.
 10343 | D:13     | Noticed a manticore
 10391 | D:13     | Found Joex's Antique Weapon Shoppe.
 10576 | D:13     | Killed a manticore
 10617 | D:13     | Killed a tengu warrior
 10622 | D:13     | Bought a potion of degeneration for 17 gold pieces
 10680 | D:11     | Found a labyrinth entrance.
 10706 | Lab      | Entered a labyrinth
 11666 | Lab      | Noticed a minotaur
 11681 | Lab      | Killed a minotaur
 11681 | Lab      | Reached *** piety under Okawaru
 11681 | Lab      | Reached skill level 10 in Long Blades
 11853 | Lab      | HP: 3/66 [minotaur zombie (8)]
 11864 | Lab      | Reached skill level 9 in Dodging
 12268 | D:11     | Noticed Graouh's ghost (journeyman MiFi)
 12521 | D:9      | Killed Erolcha
 12521 | D:9      | Reached **** piety under Okawaru
 12521 | D:9      | Reached XP level 11. HP: 71/71 MP: 15/20
 12599 | D:8      | Killed a skeletal warrior
 12612 | D:8      | Noticed a skeletal warrior
 12797 | D:8      | Noticed Psyche
 12808 | D:8      | Killed Psyche
 12808 | D:8      | Reached ***** piety under Okawaru
 13241 | D:8      | Killed a skeletal warrior
 13241 | D:8      | Received a gift from Okawaru
 13800 | D:8      | Killed a skeletal warrior
 13800 | D:8      | Reached skill level 10 in Invocations
 13861 | D:8      | Killed a skeletal warrior
 13861 | D:8      | Reached skill level 10 in Dodging
 14962 | D:9      | Killed Maurice
 15726 | D:10     | Got a slimy garnet amulet
 15731 | D:10     | Noticed a hill giant
 15742 | D:10     | Killed a hill giant
 15742 | D:10     | Reached skill level 11 in Dodging
 15860 | D:10     | Noticed a vault guard
 15903 | D:10     | Noticed a shining eye
 15903 | D:10     | a vault guard changed into a shining eye
 15909 | D:10     | Killed a shining eye
 15988 | D:10     | Found a portal to a secret trove of treasure.
 16110 | D:10     | Noticed a purple ugly thing
 16128 | D:10     | Killed a purple ugly thing
 16128 | D:10     | Reached XP level 12. HP: 51/78 MP: 6/22
 16262 | D:10     | Found a staircase to the Lair.
 16379 | D:10     | Learned a level 1 spell: Corona
 17486 | D:11     | Reached skill level 12 in Dodging
 18226 | D:11     | Found a staircase to the Orcish Mines.
 18288 | D:11     | Killed Graouh's ghost
 18947 | D:12     | Found Eme Isku's Antique Weapon Boutique.
 19040 | D:12     | Received a gift from Okawaru
 19040 | D:12     | Reached skill level 5 in Spellcasting
 19116 | D:12     | Identified the amulet "Zezafir" {Faith Int+8 Dex-2} (You found it on level 10 of the Dungeon)
 19483 | D:12     | Reached skill level 5 in Armour
 19564 | D:13     | Received a gift from Okawaru
 19584 | D:13     | Found Yddont Hamel's Food Shop.
 20383 | D:13     | Reached XP level 13. HP: 43/86 MP: 11/23
 20745 | D:13     | Reached skill level 5 in Translocations
 21012 | D:13     | Bought a shimmering long sword for 246 gold pieces
 21012 | D:13     | Identified the +9 long sword "Reideg" {holy, rElec rN++ Int+6} (You bought it in a shop on level 13 of the Dungeon)
 21016 | D:13     | Upgraded the game from 0.19-a0-1907-gcff654f to 0.19-a0-1922-g1e9a4c1
 21119 | D:14     | Reached ****** piety under Okawaru
 21176 | D:14     | Reached skill level 5 in Hexes
 21338 | D:14     | Reached skill level 1 in Shields
 21407 | D:14     | Killed Azrael
 21493 | D:14     | Received a gift from Okawaru
 21497 | D:14     | Got a polished plate armour {god gift}
 21572 | D:14     | Identified the +7 plate armour "Ylam" {rPois Dex+6 Stlth+} (Okawaru gifted it to you on level 14 of the Dungeon)
 21590 | D:14     | Reached skill level 5 in Air Magic
 21743 | D:14     | Found a gate to the Vaults.
 21986 | D:14     | Reached skill level 5 in Necromancy
 22215 | D:14     | Learned a level 2 spell: Swiftness
 22220 | D:14     | Learned a level 4 spell: Passage of Golubria
 22606 | D:14     | Received a gift from Okawaru
 22643 | D:14     | Found Qerghu's Magic Scroll Emporium.
 23083 | Lair:1   | Entered Level 1 of the Lair of Beasts
 23278 | Lair:1   | Reached XP level 14. HP: 84/93 MP: 8/24
 24186 | Lair:2   | Found a staircase to the Swamp.
 24381 | Lair:2   | Identified the Catalogue of the Frostbite
 24389 | Lair:2   | Found a staircase to the Snake Pit.
 25151 | Lair:2   | Received a gift from Okawaru
 25162 | Lair:2   | Got a slimy scale mail {god gift}
 25176 | Lair:2   | Identified the +4 scale mail of the Lost Lives {rC+} (Okawaru gifted it to you on level 2 of the Lair of Beasts)
 25401 | Lair:3   | Reached skill level 13 in Dodging
 27742 | Lair:5   | Found a staircase to the Slime Pits.
 28005 | Lair:5   | Gained mutation: Your flesh is heat resistant. (rF+) [potion of beneficial mutation]
 28357 | Lair:6   | Entered Level 6 of the Lair of Beasts
 28379 | Lair:6   | Received a gift from Okawaru
 29040 | Lair:6   | Paralysed by a hornet for 2 turns
 29157 | Lair:6   | Upgraded the game from 0.19-a0-1922-g1e9a4c1 to 0.19-a0-1932-g59670f6
 29200 | Lair:6   | Reached XP level 15. HP: 65/101 MP: 1/25
 29416 | Lair:6   | Reached skill level 14 in Dodging
 29558 | Lair:6   | Found a runed door.
 29748 | Lair:6   | Received a gift from Okawaru
 29757 | Lair:6   | Got a dazzling dagger {god gift}
 29758 | Lair:6   | Identified the +7 dagger of Excruciating Pain {freeze, +Inv rF+ Str+6 Int+3} (Okawaru gifted it to you on level 6 of the Lair of Beasts)
 30015 | Lair:6   | Reached skill level 15 in Dodging
 30679 | Orc:1    | Entered Level 1 of the Orcish Mines
 31065 | Orc:2    | Entered Level 2 of the Orcish Mines
 31114 | Orc:2    | Found a frozen archway.
 31122 | IceCv    | Entered an ice cave
 31314 | IceCv    | Received a gift from Okawaru
 31415 | IceCv    | Gained mutation: You have sharp toenails. [potion of beneficial mutation]
 31653 | IceCv    | Noticed a frost giant
 31678 | IceCv    | Killed a frost giant
 31678 | IceCv    | Reached skill level 16 in Dodging
 31803 | Orc:2    | Found a staircase to the Elven Halls.
 31993 | Orc:2    | Found Medotz's Armour Emporium.
 31996 | Orc:2    | Found Bodghyen's Magic Scroll Shoppe.
 31999 | Orc:2    | Found Ysaxafuq's General Store.
 32582 | Orc:2    | Found Tyobooje's General Store.
 32624 | Orc:2    | Bought a scroll of identify for 34 gold pieces
 32632 | Orc:2    | Bought a scroll of identify for 22 gold pieces
 32632 | Orc:2    | Bought a scroll of identify for 22 gold pieces
 32665 | Orc:2    | Bought a scroll of enchant armour for 82 gold pieces
 32665 | Orc:2    | Bought a scroll of magic mapping for 38 gold pieces
 32665 | Orc:2    | Bought a scroll of blinking for 82 gold pieces
 32848 | Orc:1    | Received a gift from Okawaru
 33397 | D:13     | Bought 2 potions of heal wounds for 170 gold pieces
 33499 | D:14     | Bought a scroll of blinking for 135 gold pieces
 33512 | D:15     | Entered Level 15 of the Dungeon
 33610 | D:15     | Reached XP level 16. HP: 84/108 MP: 12/29
 33815 | D:15     | Identified a scroll of acquirement
 34051 | D:15     | Found a staircase to the Depths.
 34358 | D:15     | Found a shadowy altar of Dithmenos.
 34401 | D:15     | Noticed Nessos
 34630 | D:15     | Killed Nessos
 34866 | Swamp:1  | Entered Level 1 of the Swamp
 35554 | Swamp:2  | Reached skill level 5 in Shields
 35565 | Swamp:2  | Received a gift from Okawaru
 35744 | Swamp:2  | Noticed Frances
 35766 | Swamp:2  | Killed Frances
 36288 | Swamp:2  | Noticed Nikola
 36314 | Swamp:2  | Killed Nikola
 36314 | Swamp:2  | Received a gift from Okawaru
 36314 | Swamp:2  | Reached skill level 10 in Fighting
 36846 | Swamp:3  | Reached skill level 10 in Charms
 37049 | Swamp:3  | Paralysed by a hornet for 1 turns
 37713 | Swamp:4  | Entered Level 4 of the Swamp
 37720 | Swamp:4  | Noticed Roxanne
 37998 | Swamp:4  | Noticed Jorgrun
 38009 | Swamp:4  | Killed Jorgrun
 38009 | Swamp:4  | Received a gift from Okawaru
 38025 | Swamp:4  | Got a bloodstained robe {god gift}
 38279 | Swamp:4  | Identified the +1 robe "Daowniso" {Str+2 Int+3} (Okawaru gifted it to you on level 4 of the Swamp)
 38399 | Swamp:4  | Noticed the 27-headed Lernaean hydra
 38633 | Swamp:4  | Noticed Louise
 38649 | Swamp:4  | Killed Louise
 38713 | Swamp:4  | Reached XP level 17. HP: 103/117 MP: 31/31
 38953 | Swamp:4  | Killed Roxanne
 38953 | Swamp:4  | Reached skill level 10 in Air Magic
 39146 | Swamp:4  | Got a decaying rune of Zot
 39315 | Swamp:4  | Slain by the 24-headed Lernaean hydra

Vault maps used:
D:1:      scummos_arrival_star
D:3:      minitemple, portal_sewer_entry_d
D:4:      enter_ossuary_1, makhleb_blood_cavern_becter, uniq_natasha,
          uniq_menkaure
D:5:      first_bread, hangedman_ru_absence
D:6:      minmay_cornered_nines, serial_shops, shop
D:7:      uniq_joseph
D:8:      grunt_livestock, onia_ninara_dug_in_and_dangerous, uniq_psyche,
          uniq_maurice, uniq_erica
D:9:      uniq_erolcha
D:10:     dpeg_oklobed_lair, enter_trove_5, grunt_decor_fettered,
          minmay_misc_feat_pillars, nrook_uturn, minivault_16
D:11:     david_orc_4, lab_entry_generic, kennysheep_another_room
D:12:     serial_shops, kennysheep_little_box
D:13:     serial_shops, bzr_firewalk, shop, nicolae_shop_stone,
          nicolae_shop_behind_doors, kennysheep_mini_moat, kb_tengu_band,
          uniq_azrael
D:14:     minmay_smoke_and_mirrors, david_vaults_1, serial_shops, shop_statue,
          serial_bayou, serial_bayou_shore_a, serial_bayou_pond_d,
          serial_bayou_lagoon_b, serial_bayou_lagoon_a, serial_bayou_pond_a,
          eino_house_with_fridge
D:15:     hangedman_depths_entry_civil_slaughter,
          grunt_dithmenos_smoke_and_mirrors, uniq_nessos
Temple:   regret_index_temple_mists
Lair:2:   minmay_swamp_entry_wisps, minmay_snake_entry_guardpost_small,
          grunt_megastairs_4
Lair:4:   lemuel_fruit_fields, serial_bayou_shore_b, lemuel_fruit_fields
Lair:5:   nicolae_slime_entry_slimehenge
Lair:6:   hangedman_lair_tendril_chambers, wormcave, lemuel_fruit_tree
Swamp:1:  evilmike_swamp_ruin_house_2, swamp_pool2
Swamp:2:  evilmike_swamp_ruin_house_3, infiniplex_staircase_pool, uniq_nikola,
          uniq_frances
Swamp:3:  evilmike_swamp_ruin_rubble_1
Swamp:4:  swamp_old_school, nicolae_swamp_round_clearing, uniq_roxanne,
          uniq_jorgrun, uniq_louise
Orc:2:    st_orc_open, portal_ice_cave_entry_pillars_2
Lab:      labyrinth_hidden_loot
Sewer:    sewer_minmay_treatment
Ossuary:  ossuary_zaba_two_paths
IceCv:    ice_cave_small_giant

Skill      XL: |  1  2  3  4  5  6  7  8  9 10 11 12 13 14 15 16 17 |
---------------+----------------------------------------------------+-----
Charms         | 4 5 6 7 10 | 10.0
Spellcasting   | 3 4 5 6 7 |  7.0
Long Blades    | 3 4 5 6 8 10 12 14 | 14.0
Translocations | 1 2 4 5 6 |  6.0
Necromancy     | 1 2 3 5 |  5.0
Hexes          | 1 2 4 5 7 |  7.0
Armour         | 1 2 4 5 6 9 |  9.0
Dodging        | 2 4 6 7 9 11 12 13 16 | 16.0
Fighting       | 5 7 9 10 11 | 11.2
Air Magic      | 2 5 7 9 10 | 10.0
Conjurations   | 2 3 |  3.2
Invocations    | 4 8 10 | 10.0
Shields        | 4 7 |  7.3

Action                   |  1- 3 |  4- 6 |  7- 9 | 10-12 | 13-15 | 16-18 || total
-------------------------+-------+-------+-------+-------+-------+-------++-------
Melee: Falchion          |   148 |   383 |   252 |       |       |       ||   783
       Long sword        |       |       |   246 |   901 |  1372 |   627 ||  3146
       Punch             |       |       |       |     7 |    13 |       ||    20
       Great sword       |       |       |       |    37 |    70 |       ||   107
       Scimitar          |       |       |       |       |    79 |   104 ||   183
       Dagger            |       |       |       |       |    72 |       ||    72
 Fire: Shortbow          |       |       |    10 |       |       |       ||    10
Throw: Javelin           |       |       |    44 |    30 |    42 |    21 ||   137
 Cast: Infusion          |     6 |    13 |    25 |    33 |    44 |    23 ||   144
       Shroud of Golubri |     5 |    17 |    26 |    40 |    83 |    48 ||   219
       Spectral Weapon   |       |     6 |    11 |    43 |    37 |    18 ||   115
       Regeneration      |       |     7 |    13 |    21 |    44 |    35 ||   120
       Song of Slaying   |       |       |     5 |    13 |    26 |     4 ||    48
       Shock             |       |       |    10 |    57 |    50 |    27 ||   144
       Mephitic Cloud    |       |       |     3 |       |     4 |       ||     7
       Corona            |       |       |       |    59 |    77 |     2 ||   138
       Swiftness         |       |       |       |       |     3 |     2 ||     5
       Passage of Golubr |       |       |       |       |     2 |     9 ||    11
Invok: Heroism           |       |       |       |    14 |    36 |    21 ||    71
       Finesse           |       |       |       |     4 |    13 |     6 ||    23
Evoke: Wand              |       |     6 |     8 |    21 |    18 |    10 ||    63
       Phial of floods   |       |       |       |       |     1 |     1 ||     2
  Use: Potion            |       |     1 |     6 |     7 |     7 |     2 ||    23
       Scroll            |       |       |     6 |    24 |    23 |    10 ||    63
 Stab: Distracted        |       |     1 |       |     3 |     5 |     2 ||    11
       Sleeping          |       |     3 |       |     1 |     1 |       ||     5
       Confused          |       |       |       |    15 |       |       ||    15
       Paralysed         |       |       |       |    15 |       |       ||    15
       Petrifying        |       |       |       |     4 |       |       ||     4
       Petrified         |       |       |       |    12 |       |       ||    12
  Eat: Chunk             |     4 |     8 |    20 |    30 |    38 |    12 ||   112
       Beef jerky        |       |     1 |       |     3 |     2 |       ||     6
       Bread ration      |       |     1 |       |       |     1 |       ||     2
       Pizza             |       |       |     1 |       |       |     2 ||     3
       Meat ration       |       |       |       |     1 |     1 |     1 ||     3
       Fruit             |       |       |       |     1 |       |     3 ||     4
Armor: Leather armour    |     8 |       |       |       |       |       ||     8
       Mottled dragon sc |    52 |   131 |   157 |   201 |    79 |       ||   620
       Plate armour      |       |       |       |       |     7 |       ||     7
       Scale mail        |       |       |       |       |   266 |   231 ||   497
Dodge: Dodged            |   109 |   218 |   365 |   535 |  1195 |   499 ||  2921
Block: Other             |       |       |    37 |   165 |       |       ||   202
       Reflection        |       |       |       |     4 |       |       ||     4
       Buckler           |       |       |       |       |   143 |   177 ||   320
       Rpst.: Falchion   |    39 |    71 |    52 |       |       |       ||   162
       Long sword        |       |       |    52 |   120 |   268 |   103 ||   543
       Great sword       |       |       |       |     3 |    10 |       ||    13
       Scimitar          |       |       |       |       |     8 |    14 ||    22
